 Dungeon Crawl Stone Soup version 0.23.1 (webtiles) character file.

Game seed: 15848351511189285553

240 vatarom the Charmwright (level 6, -7/50 HPs)
             Began as a Gnoll Skald on Mar 17, 2019.
             Mangled by an orc
             ... wielding a cursed -3 flail
              (8 damage)
             ... on level 4 of the Dungeon.
             The game lasted 00:05:48 (2640 turns).

vatarom the Charmwright (Gnoll Skald)               Turns: 2640, Time: 00:05:49

Health: -7/50      AC:  6    Str: 13    XL:     6   Next: 8%
Magic:  11/13      EV: 13    Int: 16    God:
Gold:   103        SH:  0    Dex: 16    Spells: 12/15 levels left

rFire    . . .     SeeInvis .   a - +0 hand axe
rCold    . . .     Gourm    .   (no shield)
rNeg     . . .     Faith    .   l - +0 ring mail
rPois    .         Spirit   .   (no helmet)
rElec    .         Reflect  .   (no cloak)
rCorr    .         Harm     .   (no gloves)
MR       .....                  h - +0 pair of boots
Stlth    +.........             b - amulet of rage
HPRegen  0.16/turn              (no ring)
MPRegen  0.13/turn              (no ring)

@: lethally poisoned (-7 -> -14)
A: distributed training, fangs 1, strong nose
a: Evoke Berserk Rage


You were on level 4 of the Dungeon.
You were hungry.

You visited 1 branch of the dungeon, and saw 4 of its levels.

You collected 103 gold pieces.

Inventory:

Hand Weapons
 a - a +0 hand axe (weapon)
Armour
 f - a +0 cloak
 h - a +0 pair of boots (worn)
 l - a +0 ring mail (worn)
Jewellery
 b - an amulet of rage (around neck)
Scrolls
 e - a scroll of teleportation {@r3}
 g - 2 scrolls of amnesia
 j - 3 scrolls of identify {unknown}
Comestibles
 d - 2 rations {@e1}


   Skills:
 + Level 4.9 Fighting
 + Level 1.7 Short Blades
 + Level 1.7 Long Blades
 + Level 4.9 Axes
 + Level 1.7 Maces & Flails
 + Level 1.7 Polearms
 + Level 1.7 Staves
 + Level 1.7 Slings
 + Level 1.7 Bows
 + Level 1.7 Crossbows
 + Level 1.7 Throwing
 + Level 3.1 Armour
 + Level 4.9 Dodging
 + Level 1.7 Stealth
 + Level 1.7 Shields
 + Level 1.7 Unarmed Combat
 + Level 5.3 Spellcasting
 + Level 1.3 Conjurations
 + Level 1.3 Hexes
 + Level 5.6 Charms
 + Level 1.3 Summonings
 + Level 1.3 Necromancy
 + Level 1.3 Translocations
 + Level 1.3 Transmutations
 + Level 1.3 Fire Magic
 + Level 1.3 Ice Magic
 + Level 1.3 Air Magic
 + Level 1.3 Earth Magic
 + Level 1.3 Poison Magic
 + Level 2.0 Invocations
 + Level 1.7 Evocations


You had 12 spell levels left.
You knew the following spells:

 Your Spells              Type           Power        Failure   Level  Hunger
a - Infusion              Chrm           ###.         3%          1    None
b - Shroud of Golubria    Chrm/Tloc      ###.......   11%         2    #......

Your spell library contained the following spells:

 Spells                   Type           Power        Failure   Level  Hunger
 Song of Slaying          Chrm           ###.....     4%          2    #......
 Regeneration             Chrm/Necr      ###.......   22%         3    ###....
 Spectral Weapon          Hex/Chrm       ###.....     22%         3    ###....


Dungeon Overview and Level Annotations

Branches:
Dungeon (4/15)
 Temple: D:4-7

Altars:
Hepliaklqana

Annotations:
D:3 Purgy
D:4 Grinder


Innate Abilities, Weirdness & Mutations

Your experience applies equally to all skills.
You have very sharp teeth.
Your uncanny sense of smell can sniff out nearby items.


Message History

Unknown command.
The ball python hisses angrily.
You hear a shout!
* * * LOW HITPOINT WARNING * * *
You feel sick.
An orc comes into view.
Unknown command.
The orc shouts!
You hear an angry hiss.
The orc closely misses you.
* * * LOW HITPOINT WARNING * * *
You feel sick.
An adder comes into view.
An orc wizard comes into view. It is wielding a +0 dagger.
The orc closely misses you.
Unknown command.
The adder bites you.
* * * LOW HITPOINT WARNING * * *
You are more poisoned.
The adder poisons you!
The orc hits you with a cursed -3 flail!
You die...

## ##.######
##....#..#
#......$.
#.......#
#.......#
..#.....†# ∆
........@#
.......So#
..........?....h
.#.....#o.#....#
##..####.# ....
.... o. ... #...
.o. .o #... #...
. ...


You could see an orc wizard, an adder and 3 orcs.

Vanquished Creatures
  2 scorpions
  3 gnolls (D:2)
  3 adders
  3 worms
  2 dart slugs
  A leopard gecko (D:1)
  An orc (D:4)
  8 bats
  11 giant cockroaches
  9 goblins
  8 hobgoblins
  7 jackals
  8 kobolds
  2 frilled lizards (D:2)
  2 rats (D:1)
70 creatures vanquished.

Notes
Turn   | Place    | Note
-------+----------+-------------------------------------------
     0 | D:1      | vatarom the Gnoll Skald began the quest for the Orb.
     0 | D:1      | Reached XP level 1. HP: 20/20 MP: 6/6
   223 | D:1      | Reached XP level 2. HP: 26/26 MP: 7/7
   290 | D:1      | Learned a level 2 spell: Shroud of Golubria
   890 | D:2      | Reached XP level 3. HP: 31/31 MP: 9/9
   900 | D:2      | Found a hazy altar of Hepliaklqana.
   937 | D:2      | Reached skill level 5 in Spellcasting
   945 | D:2      | Reached skill level 1 in Invocations
  1276 | D:2      | Reached skill level 1 in Short Blades
  1276 | D:2      | Reached skill level 1 in Long Blades
  1276 | D:2      | Reached skill level 1 in Maces & Flails
  1276 | D:2      | Reached skill level 1 in Polearms
  1276 | D:2      | Reached skill level 1 in Staves
  1276 | D:2      | Reached skill level 1 in Slings
  1276 | D:2      | Reached skill level 1 in Bows
  1276 | D:2      | Reached skill level 1 in Crossbows
  1276 | D:2      | Reached skill level 1 in Throwing
  1276 | D:2      | Reached skill level 1 in Stealth
  1276 | D:2      | Reached skill level 1 in Shields
  1276 | D:2      | Reached skill level 1 in Unarmed Combat
  1276 | D:2      | Reached skill level 1 in Evocations
  1285 | D:2      | Reached XP level 4. HP: 38/38 MP: 11/11
  1553 | D:2      | Reached skill level 1 in Conjurations
  1553 | D:2      | Reached skill level 1 in Hexes
  1553 | D:2      | Reached skill level 1 in Summonings
  1553 | D:2      | Reached skill level 1 in Necromancy
  1553 | D:2      | Reached skill level 1 in Translocations
  1553 | D:2      | Reached skill level 1 in Transmutations
  1553 | D:2      | Reached skill level 1 in Fire Magic
  1553 | D:2      | Reached skill level 1 in Ice Magic
  1553 | D:2      | Reached skill level 1 in Air Magic
  1553 | D:2      | Reached skill level 1 in Earth Magic
  1553 | D:2      | Reached skill level 1 in Poison Magic
  1553 | D:2      | Reached XP level 5. HP: 26/43 MP: 12/12
  2136 | D:3      | Noticed Purgy
  2289 | D:3      | Noticed Grinder
  2627 | D:4      | Reached XP level 6. HP: 5/50 MP: 10/13
  2634 | D:4      | HP: 2/50 [poisoned by a scorpion]
  2640 | D:4      | HP: 1/50 [adder (1)]
  2640 | D:4      | Mangled by an orc

Skill      XL: |  1  2  3  4  5 |
---------------+----------------+-----
Spellcasting   | 5 |  5.3
Invocations    | 1 2 |  2.0
Short Blades   | 1 |  1.7
Long Blades    | 1 |  1.7
Maces & Flails | 1 |  1.7
Polearms       | 1 |  1.7
Staves         | 1 |  1.7
Slings         | 1 |  1.7
Bows           | 1 |  1.7
Crossbows      | 1 |  1.7
Throwing       | 1 |  1.7
Stealth        | 1 |  1.7
Shields        | 1 |  1.7
Unarmed Combat | 1 |  1.7
Evocations     | 1 |  1.7
Conjurations   | 1 |  1.3
Hexes          | 1 |  1.3
Summonings     | 1 |  1.3
Necromancy     | 1 |  1.3
Translocations | 1 |  1.3
Transmutations | 1 |  1.3
Fire Magic     | 1 |  1.3
Ice Magic      | 1 |  1.3
Air Magic      | 1 |  1.3
Earth Magic    | 1 |  1.3
Poison Magic   | 1 |  1.3
Armour         | 3 |  3.1
Fighting       | |  4.9
Axes           | |  4.9
Dodging        | |  4.9
Charms         | |  5.6

Action                   |  1- 3 |  4- 6 || total
-------------------------+-------+-------++-------
Melee: Hand axe          |   104 |   150 ||   254
       Bite              |    11 |    13 ||    24
       Punch             |       |     1 ||     1
 Cast: Shroud of Golubri |       |     2 ||     2
  Use: Scroll            |     2 |     4 ||     6
       Potion            |       |     3 ||     3
 Stab: Sleeping          |     1 |     2 ||     3
  Eat: Chunk             |     1 |     4 ||     5
Armor: Leather armour    |     9 |       ||     9
       Ring mail         |    23 |    49 ||    72
       Scale mail        |     3 |       ||     3
Dodge: Dodged            |    62 |   149 ||   211
